 Dungeon Crawl Stone Soup version 0.31.0 (webtiles) character file.

Game seed: 7623364421064288129

84188 qw the Marksgargoyle (level 15, 0/98 HPs)
             Began as a Gargoyle Hunter on Jan 19, 2024.
             Was a High Priest of Okawaru.
             Killed by divine providence
             ... invoked by an orc priest
              (12 damage)
             ... on level 2 of the Orcish Mines.
             The game lasted 00:02:58 (18513 turns).

qw the Marksgargoyle (Gargoyle Hunter)             Turns: 18513, Time: 00:02:58

Health: 0/98       AC: 25    Str: 11    XL:     15   Next: 79%
Magic:  18/22      EV: 28    Int: 11    God:    Okawaru [*****.]
Gold:   1699       SH:  0    Dex: 31    Spells: 14/14 levels left

rFire   . . .        y - +1 hand cannon (elec)
rCold   . . .        (no shield)
rNeg    + + +        g - +0 troll leather armour
rPois   inf          p - +1 helmet {SInv}
rElec   +            v - +1 cloak of Bafuwn {rN+++ rCorr Str-4 Stlth+}
rCorr   +            j - +2 pair of gloves
SInv    +            q - +0 pair of boots
Will    +....        l - amulet of faith
Stlth   +++++        k - +6 ring of dexterity
HPRegen 1.16/turn    u - +6 ring of dexterity
MPRegen 0.18/turn

%: faith
@: about to teleport, heroic, finesse-ful, flying
A: sickness immunity, AC +11, big wings, negative energy resistance 1,
electricity resistance, torment resistance 1, petrification resistance
a: Renounce Religion, Heroism, Finesse, Duel


You were on level 2 of the Orcish Mines.
You worshipped Okawaru.
Okawaru was extremely pleased with you.
You visited 3 branches of the dungeon, and saw 22 of its levels.

You collected 2101 gold pieces.
You spent 402 gold pieces at shops.


Innate Abilities, Weirdness & Mutations

You are immune to sickness and miasma.
Your stone body is resilient. (AC +11)
You are immune to poison.
Your large and strong wings let you fly.
You resist negative energy. (rN+)
You are resistant to electric shocks. (rElec)
You are resistant to unholy torment.
You are immune to petrification.


   Skills:
 - Level 13.0(18.0) Fighting
 + Level 19.9(24.9) Ranged Weapons
 - Level 6.0(11.0) Armour
 - Level 10.0(15.0) Dodging
 - Level 1.1(6.1) Stealth
 - Level 10.0 Invocations


You had 14 spell levels left.
You didn't know any spells.
Your spell library was empty.

Inventory:

Hand Weapons
 y - a +1 hand cannon of electrocution (weapon)
Armour
 c - a +2 cloak
 g - a +0 troll leather armour (worn)
 j - a +2 pair of gloves (worn)
 p - a +1 helmet of see invisible (worn)
 q - a +0 pair of boots (worn)
 s - a +1 leather armour of fire resistance
 v - the +1 cloak of Bafuwn (worn) {rN+++ rCorr Str-4 Stlth+}
   (Okawaru gifted it to you on level 14 of the Dungeon)

   Str-4:     It affects your strength (-4).
   rN+++:     It renders you almost immune to negative energy.
   rCorr:     It protects you from acid and corrosion.
   Stlth+:    It makes you more stealthy.
 w - the +4 ring mail of Verdant Birdsong {-Tele Int+4}
   (You found it on level 13 of the Dungeon)

   Int+4:     It affects your intelligence (+4).
   -Tele:     It prevents most forms of teleportation.
Jewellery
 a - an amulet of regeneration
 k - a +6 ring of dexterity (left hand)
 l - an amulet of faith (around neck)
 u - a +6 ring of dexterity (right hand)
Wands
 t - a wand of mindburst (3)
 x - a wand of digging (6)
 z - a wand of roots (5)
Scrolls
 e - 6 scrolls of teleportation
 i - 6 scrolls of identify
Potions
 b - 5 potions of cancellation
 d - 5 potions of curing
 f - 4 potions of resistance
 h - 2 potions of magic
 m - 4 potions of might
 o - 3 potions of mutation
 r - a potion of haste
 A - a potion of heal wounds

Dungeon Overview and Level Annotations

Branches:
Dungeon (15/15)            Temple (0/1) D:5            Lair (5/5) D:9
 Shoals (0/4) Lair:3        Snake (0/4) Lair:2        Slime (0/5) Lair:5
    Orc (2/2) D:12         Vaults (0/5) D:14         Depths (0/4) D:15
    Elf: Orc:2

Altars:
Fedhas
Okawaru
Yredelemnul
Jiyva

Shops:
D:3 :   D:4 !   D:7 :(   D:8 [*[   Orc:1 ((

Annotations:
D:8 Maurice


Message History

An ogre comes into view. It is wielding a +0 giant club.
An orc warrior comes into view. It is wielding a +0 scimitar.
The orc knight roars a battlecry!
The orc warlord goes into a battle-frenzy!
The orc warrior shoots an arrow.
The arrow completely misses you.
The arrow hits the ogre!!
You shoot a bolt.
The bolt hits the ogre but does no damage.
The ogre is severely wounded.
You hear a shout!
You shoot a bolt.
The bolt hits the ogre but does no damage.
The ogre is severely wounded.
An orc comes into view. It is wielding a +3 hand axe.
The orc closely misses you.
The ogre hits you with a +0 giant spiked club!
The orc warrior completely misses you. x2
The orc knight roars a battlecry!
The orcs go into a battle-frenzy!
An ogre comes into view. It is wielding a +0 giant spiked club.
An orc warrior comes into view. It is wielding a +0 short sword.
The orc high priest calls down the wrath of Beogh upon you.
Beogh smites you!
You shoot a bolt. The bolt hits the ogre!!
You kill the ogre!
Okawaru accepts your kill.
You shoot a bolt.
The bolt completely misses the orc warrior.
The sixfirhy completely misses you. The orc priest completely misses you.
The orc misses you. The orc warrior completely misses you.
The orc warrior hits you with a +0 war axe!
The orc high priest invokes the aid of Beogh against you.
Beogh smites you! The sixfirhy completely misses you.
18513 ||| READING 7 scrolls of teleportation.
As you read the scroll of teleportation, it crumbles to dust.
You feel strangely unstable. The sixfirhy completely misses you.
The sixfirhy misses you. x2
The orc priest mumbles some strange prayers to Beogh against you.
Beogh smites you!
You die...

...o.. ...
..o..T# ##...
...Ooo.## #.o...
...o.o.o##..o...
.....o..........
.......oo....$..
#.....3o.......
#.....o@o....O.
.......)o0......
.##...oo.....#..
#..oh......#
##.........#
.o......####
.P.P.P....
....P......


You could see an orc warlord (strong), 2 orc knights, an orc high priest
(strong), a troll, a sixfirhy (summoned), a warg, 2 orc sorcerers, 7 orc
warriors, 2 ogres, an orc priest (strong), an orc wizard (strong) and 5 orcs.

Vanquished Creatures
  An ettin (D:14)
  Josephine (Lair:4)
  A quicksilver dragon zombie (D:15)
  2 hydras
  2 boulder beetles
  An ogre mage (D:15)
  A catoblepas (Lair:2)
  6 centaur warriors
  A sphinx skeleton (D:15)
  2 demonic crawlers
  4 death yaks (Lair:5)
  8 two-headed ogres
  Urug (D:13)
  An occultist (D:15)
  A fire crab (Lair:4)
  A spark wasp zombie (D:15)
  2 skeletal warriors (D:15)
  A flayed ghost (D:15)
  12 ugly things
  A deep elf zephyrmancer (D:15)
  2 orc knights (Orc:2)
  A necromancer (D:15)
  3 deep elf pyromancers
  3 oklob plants (Lair:5)
  8 cyclopes
  2 orc sorcerers
  5 manticores
  Joseph (D:7)
  10 elephants
  7 black mambas
  A centaur zombie (D:15)
  A molten gargoyle (Lair:4)
  5 unseen horrors
  10 cane toads
  A gargoyle (D:10)
  An efreet (D:14)
  2 rime drakes
  5 yaktaurs (D:13)
  A freezing wraith (D:15)
  7 komodo dragons
  2 tengu conjurers (D:12)
  2 red devils (D:13)
  5 trolls
  6 polar bears
  13 blink frogs (Lair:1)
  7 hornets
  A meliai zombie (D:15)
  7 dream sheep
  A culicivora (shapeshifter) (D:14)
  13 spriggans (Lair:5)
  A centaur simulacrum (D:15)
  9 wraiths
  3 wyverns
  33 yaks
  A human (D:10)
  2 fire bats (Lair:4)
  3 basilisks
  2 steam dragons
  3 hogs (D:10)
  17 vampire mosquitoes
  3 nagas (Lair:2)
  An acid dragon (D:11)
  13 water moccasins
  14 orc warriors
  8 black bears
  3 sky beasts (D:7)
  6 ogres
  18 centaurs
  3 boggarts (Lair:5)
  28 wolves
  2 phantoms
  4 kobold brigands
  13 bullfrogs
  3 gnoll sergeants
  4 scorpions
  11 killer bees (D:9)
  2 howler monkeys
  2 electric eels
  A crimson imp (D:13)
  A bombardier beetle (D:5)
  2 lava snakes
  9 hounds
  8 orc priests
  4 iron imps
  3 jellies
  6 iguanas
  A sleepcap (D:6)
  18 orc wizards
  12 adders
  13 gnolls
  5 river rats
  6 shadow imps
  3 white imps (D:12)
  3 ufetubi (D:12)
  2 dart slugs
  60 orcs
  6 endoplasms
  9 giant cockroaches
  6 goblins
  7 hobgoblins
  9 jackals
  6 quokkas
  3 training dummies (D:7)
  7 ball pythons
  5 bats
  2 frilled lizards
  18 kobolds
  9 rats
639 creatures vanquished.

Vanquished Creatures (others)
  An orc wizard (Orc:2)
1 creature vanquished.

Grand Total: 640 creatures vanquished

Notes
Turn   | Place    | Note
-------+----------+-------------------------------------------
     0 | D:1      | qw the Gargoyle Hunter began the quest for the Orb.
     0 | D:1      | Reached XP level 1. HP: 12/12 MP: 1/1
     0 | D:1      | 0 ||| qw: Version: 0.3-a-132-g3d54051
     0 | D:1      | 0 ||| qw: Game counter: 130
     0 | D:1      | 0 ||| qw: Melee chars always use a shield: true
     0 | D:1      | 0 ||| qw: God list: Okawaru
     0 | D:1      | 0 ||| qw: Allow faded altars: false
     0 | D:1      | 0 ||| qw: Do Orc after clearing Dungeon:15 true
     0 | D:1      | 0 ||| qw: Do second Lair branch before Depths: true
     0 | D:1      | 0 ||| qw: Lair rune preference: random
     0 | D:1      | 0 ||| qw: Goals: Normal
     0 | D:1      | 0 ||| PLANNING D:1-11
    94 | D:1      | Reached XP level 2. HP: 17/17 MP: 2/2
   474 | D:1      | Reached XP level 3. HP: 21/21 MP: 3/3
   738 | D:1      | 738 ||| UPGRADING to amulet of the acrobat.
   743 | D:1      | 743 ||| READING scroll labelled FINWAN MIAF.
   844 | D:1      | 844 ||| DRINKING 3 murky dark potions.
   845 | D:1      | 845 ||| DROPPING scroll of butterflies.
   846 | D:1      | 846 ||| DROPPING 2 potions of brilliance.
   984 | D:2      | Reached skill level 5 in Ranged Weapons
   984 | D:2      | 984 ||| FLEEEEING.
  1162 | D:2      | Reached skill level 3 in Fighting
  1166 | D:2      | Found a faded altar of an unknown god.
  1510 | D:2      | Reached XP level 4. HP: 28/28 MP: 4/4
  1623 | D:2      | 1623 ||| UPGRADING to +6 ring of dexterity.
  1624 | D:2      | 1624 ||| READING scroll labelled SUVEICRUBLO.
  1624 | D:2      | Identified a scroll of acquirement
  1624 | D:2      | 1624 ||| ACQUIRING +6 sling of qw's Instant Death {speed,
                  | ^Fragile rF++ rCorr Dex+4}
  1624 | D:2      | Acquired the +6 sling of qw's Instant Death {speed,
                  | ^Fragile rF++ rCorr Dex+4}
  1626 | D:2      | 1626 ||| SWAPPING to +6 sling of qw's Instant Death {speed,
                  | ^Fragile rF++ rCorr Dex+4}.
  1627 | D:2      | 1627 ||| DROPPING +0 shortbow.
  1628 | D:2      | 1628 ||| READING scroll labelled ESUNOTE SISEHI.
  1628 | D:2      | 1628 ||| IDENTIFYING coppery potion
  1629 | D:2      | 1629 ||| READING 2 scrolls labelled PUELUT GENKITA.
  1630 | D:2      | 1630 ||| READING scroll labelled KUGASYD ACIES.
  1631 | D:2      | 1631 ||| DROPPING scroll of blinking.
  1645 | D:3      | 1645 ||| PLANNING SEWER
  1738 | D:3      | You fall into a shaft and drop 2 floors!
  1738 | D:5      | Entered Level 5 of the Dungeon
  1778 | D:5      | 1778 ||| FLEEEEING.
  1783 | D:5      | 1783 ||| STAIRDANCE
  1872 | D:4      | Reached XP level 5. HP: 32/32 MP: 5/5
  1901 | D:4      | Found a sand-covered staircase.
  1927 | D:4      | 1927 ||| UPGRADING to amulet of regeneration.
  1937 | D:4      | 1937 ||| FLEEEEING.
  1941 | D:4      | 1941 ||| STAIRDANCE
  2061 | D:3      | Reached skill level 6 in Ranged Weapons
  2084 | D:3      | Found an iron altar of Okawaru.
  2166 | D:3      | Found Geytuigo's Book Emporium.
  2184 | D:3      | 2184 ||| UPGRADING to +2 ring mail of positive energy.
  2194 | D:3      | 2194 ||| DROPPING +0 leather armour.
  2287 | D:3      | 2287 ||| RIP SEWER
  2358 | D:3      | 2358 ||| PLANNING OKAWARU WORSHIP
  2358 | D:3      | 2358 ||| DROPPING amulet of the acrobat.
  2359 | D:3      | 2359 ||| READING 2 scrolls of identify.
  2359 | D:3      | 2359 ||| IDENTIFYING red potion
  2360 | D:3      | 2360 ||| READING scroll of identify.
  2360 | D:3      | 2360 ||| IDENTIFYING yellow potion
  2361 | D:3      | 2361 ||| READING scroll labelled VAMNIA ALIHEPH.
  2468 | D:4      | 2468 ||| RIP OSSUARY
  2489 | D:4      | 2489 ||| PLANNING OKAWARU WORSHIP
  2539 | D:3      | Became a worshipper of Warmaster Okawaru
  2540 | D:3      | 2540 ||| PLANNING D:1-11
  2715 | D:3      | Reached skill level 1 in Armour
  2722 | D:3      | Reached XP level 6. HP: 36/38 MP: 6/6
  2724 | D:3      | 2724 ||| FLEEEEING.
  2789 | D:3      | 2789 ||| READING scroll labelled FAIJITRAOTS.
  3086 | D:4      | Found Xonluj's Distillery.
  3091 | D:4      | 3091 ||| BUYING potion of cancellation (88 gold).
  3091 | D:4      | Bought a potion of cancellation for 88 gold pieces
  3091 | D:4      | 3091 ||| BUYING potion of curing (33 gold).
  3091 | D:4      | Bought a potion of curing for 33 gold pieces
  3091 | D:4      | 3091 ||| BUYING potion of curing (33 gold).
  3091 | D:4      | Bought a potion of curing for 33 gold pieces
  3091 | D:4      | 3091 ||| BUYING potion of magic (88 gold).
  3091 | D:4      | Bought a potion of magic for 88 gold pieces
  3214 | D:4      | Reached * piety under Okawaru
  3315 | D:4      | 3315 ||| UPGRADING to +0 cloak.
  3320 | D:4      | 3320 ||| DROPPING +0 robe of positive energy.
  3321 | D:4      | 3321 ||| READING scroll of identify.
  3321 | D:4      | 3321 ||| IDENTIFYING fuming green potion
  3322 | D:4      | 3322 ||| READING 2 scrolls labelled ASOYLA ULYREOW.
  3322 | D:4      | 3322 ||| ENCHANTING +0 cloak.
  3323 | D:4      | 3323 ||| READING scroll of enchant armour.
  3323 | D:4      | 3323 ||| ENCHANTING +1 cloak.
  3324 | D:4      | 3324 ||| DROPPING potion of ambrosia.
  3340 | D:5      | 3340 ||| STAIRDANCE
  3347 | D:4      | Reached skill level 7 in Ranged Weapons
  3347 | D:4      | Reached skill level 1 in Invocations
  3347 | D:4      | Reached XP level 7. HP: 43/43 MP: 7/7
  3352 | D:4      | 3352 ||| FLEEEEING.
  3374 | D:5      | 3374 ||| STAIRDANCE
  3412 | D:5      | Found a staircase to the Ecumenical Temple.
  3467 | D:5      | 3467 ||| FLEEEEING.
  3468 | D:5      | 3468 ||| FLEEEEING.
  3469 | D:5      | 3469 ||| FLEEEEING.
  3470 | D:5      | 3470 ||| FLEEEEING.
  3471 | D:5      | 3471 ||| FLEEEEING.
  3472 | D:5      | 3472 ||| FLEEEEING.
  3473 | D:5      | 3473 ||| FLEEEEING.
  3474 | D:5      | 3474 ||| FLEEEEING.
  3475 | D:5      | 3475 ||| FLEEEEING.
  3483 | D:5      | Reached skill level 3 in Invocations
  3509 | D:5      | HP: 3/43 [orc priest/divine providence (14)]
  3515 | D:5      | Reached ** piety under Okawaru
  3643 | D:5      | Reached skill level 8 in Ranged Weapons
  3643 | D:5      | Reached XP level 8. HP: 48/48 MP: 9/11
  3643 | D:5      | 3643 ||| FLEEEEING.
  3847 | D:5      | 3847 ||| READING scroll labelled XED CETUJIZI.
  4384 | D:6      | 4384 ||| FLEEEEING.
  4481 | D:6      | 4481 ||| UPGRADING to +2 hat.
  4486 | D:6      | 4486 ||| READING 3 scrolls of identify.
  4486 | D:6      | 4486 ||| IDENTIFYING bubbling white potion
  4487 | D:6      | 4487 ||| READING 2 scrolls of identify.
  4487 | D:6      | 4487 ||| IDENTIFYING silvery potion
  4488 | D:6      | 4488 ||| READING scroll of identify.
  4488 | D:6      | 4488 ||| IDENTIFYING black potion
  4489 | D:6      | 4489 ||| READING scroll labelled NUQESK VAIM.
  4490 | D:6      | 4490 ||| DROPPING potion of degeneration.
  4527 | D:7      | Reached skill level 9 in Ranged Weapons
  4546 | D:7      | Noticed a wyvern
  4547 | D:7      | 4547 ||| INVOKING Heroism.
  4553 | D:7      | Killed a wyvern
  4553 | D:7      | Reached *** piety under Okawaru
  4554 | D:7      | Reached skill level 3 in Dodging
  4554 | D:7      | Reached XP level 9. HP: 52/54 MP: 9/12
  4606 | D:7      | Reached skill level 6 in Fighting
  4651 | D:7      | Found Wafiucka's Firing Range.
  4663 | D:7      | 4663 ||| BUYING +0 longbow (71 gold).
  4663 | D:7      | Bought a +0 longbow for 71 gold pieces
  4663 | D:7      | 4663 ||| SHOPLISTING +2 hand cannon of freezing (201 gold,
                  | have 48).
  4663 | D:7      | 4663 ||| UPGRADING to +0 longbow.
  4692 | D:7      | Noticed Joseph
  4693 | D:7      | 4693 ||| INVOKING Heroism.
  4701 | D:7      | Killed Joseph
  4702 | D:7      | Reached skill level 10 in Ranged Weapons
  4775 | D:7      | Reached **** piety under Okawaru
  5106 | D:7      | Found Usiapo's Tiny Tomes.
  5183 | D:7      | 5183 ||| UPGRADING to +0 pair of boots.
  5188 | D:7      | 5188 ||| READING 2 scrolls of identify.
  5188 | D:7      | 5188 ||| IDENTIFYING sedimented orange potion
  5189 | D:7      | 5189 ||| READING scroll of identify.
  5189 | D:7      | 5189 ||| IDENTIFYING scroll labelled RIL YPLIOMN
  5190 | D:7      | 5190 ||| READING scroll of brand weapon.
  5190 | D:7      | 5190 ||| BRANDING +0 longbow.
  5191 | D:7      | 5191 ||| READING scroll labelled ZUDIDGH REXZA.
  5191 | D:7      | 5191 ||| ENCHANTING +0 longbow of draining.
  5192 | D:7      | 5192 ||| DROPPING potion of lignification.
  5193 | D:7      | 5193 ||| DROPPING wand of flame (9).
  5241 | D:8      | Found Ideifaen's Antique Armour Emporium.
  5245 | D:8      | 5245 ||| SHOPLISTING translucent robe (142 gold, have 76).
  5285 | D:8      | Noticed a hornet
  5286 | D:8      | 5286 ||| INVOKING Finesse.
  5289 | D:8      | Killed a hornet
  5385 | D:8      | 5385 ||| FLEEEEING.
  5387 | D:8      | Noticed Maurice
  5388 | D:8      | 5388 ||| FLEEEEING.
  5389 | D:8      | 5389 ||| FLEEEEING.
  5390 | D:8      | 5390 ||| FLEEEEING.
  5391 | D:8      | 5391 ||| FLEEEEING.
  5392 | D:8      | 5392 ||| FLEEEEING.
  5452 | D:8      | Found Ytuhel's Antique Armour Boutique.
  5460 | D:8      | 5460 ||| SHOPLISTING +2 cloak of the Thief {*Fog Slay-2
                  | SInv Stlth+} (542 gold, have 89).
  5460 | D:8      | 5460 ||| SHOPLISTING pair of gloves (121 gold, have 89).
  5555 | D:8      | Found Qiximor's Assorted Antiques.
  5563 | D:8      | 5563 ||| FLEEEEING.
  5628 | D:8      | 5628 ||| Stepping ~*~*~tactically~*~*~ (cloud).
  5631 | D:8      | 5631 ||| Stepping ~*~*~tactically~*~*~ (cloud).
  5634 | D:8      | Reached XP level 10. HP: 63/63 MP: 12/14
  5684 | D:8      | 5684 ||| READING scroll of brand weapon.
  5684 | D:8      | 5684 ||| BRANDING +1 longbow of draining.
  6222 | D:8      | 6222 ||| BUYING dark potion (17 gold).
  6222 | D:8      | Bought a dark potion for 17 gold pieces
  6222 | D:8      | 6222 ||| BUYING dark potion (17 gold).
  6222 | D:8      | Bought a dark potion for 17 gold pieces
  6222 | D:8      | 6222 ||| BUYING orange potion (17 gold).
  6222 | D:8      | Bought an orange potion for 17 gold pieces
  6222 | D:8      | 6222 ||| BUYING scroll of identify (38 gold).
  6222 | D:8      | Bought a scroll of identify for 38 gold pieces
  6222 | D:8      | 6222 ||| READING 2 scrolls of identify.
  6222 | D:8      | 6222 ||| IDENTIFYING orange potion
  6223 | D:8      | 6223 ||| READING scroll of identify.
  6223 | D:8      | 6223 ||| IDENTIFYING 2 dark potions
  6224 | D:8      | 6224 ||| READING scroll labelled QAIMON ZAULOWK.
  6225 | D:8      | 6225 ||| DROPPING potion of attraction.
  6295 | D:9      | 6295 ||| STAIRDANCE
  6302 | D:9      | 6302 ||| STAIRDANCE
  6315 | D:9      | 6315 ||| STAIRDANCE
  6326 | D:9      | Reached skill level 6 in Invocations
  6343 | D:9      | 6343 ||| RETREEEEATING.
  6353 | D:9      | 6353 ||| RETREEEEATING.
  6354 | D:9      | 6354 ||| RETREEEEATING.
  6355 | D:9      | 6355 ||| RETREEEEATING.
  6359 | D:9      | 6359 ||| INVOKING Finesse.
  6374 | D:9      | Reached skill level 11 in Ranged Weapons
  6414 | D:9      | 6414 ||| FLEEEEING.
  6420 | D:9      | 6420 ||| STAIRDANCE
  6485 | D:9      | 6485 ||| RETREEEEATING.
  6597 | D:9      | Noticed an elephant
  6598 | D:9      | 6598 ||| RETREEEEATING.
  6600 | D:9      | 6600 ||| RETREEEEATING.
  6601 | D:9      | 6601 ||| RETREEEEATING.
  6602 | D:9      | 6602 ||| RETREEEEATING.
  6605 | D:9      | 6605 ||| RETREEEEATING.
  6609 | D:9      | 6609 ||| INVOKING Finesse.
  6618 | D:9      | Killed an elephant
  6622 | D:9      | 6622 ||| INVOKING Heroism.
  6688 | D:9      | Found a staircase to the Lair.
  6730 | D:9      | Noticed a two-headed ogre
  6731 | D:9      | 6731 ||| INVOKING Finesse.
  6737 | D:9      | Killed a two-headed ogre
  7152 | D:9      | Reached XP level 11. HP: 68/68 MP: 17/17
  7214 | D:9      | 7214 ||| PLANNING LAIR
  7214 | D:9      | 7214 ||| UPGRADING to +0 troll leather armour.
  7224 | D:9      | 7224 ||| DROPPING +2 ring mail of positive energy.
  7225 | D:9      | 7225 ||| DROPPING ring of flight.
  7259 | Lair:1   | Entered Level 1 of the Lair of Beasts
  7338 | Lair:1   | 7338 ||| UPGRADING to +0 pair of gloves.
  7346 | Lair:1   | Reached skill level 9 in Invocations
  7346 | Lair:1   | 7346 ||| FLEEEEING.
  7359 | Lair:1   | 7359 ||| RETREEEEATING.
  7361 | Lair:1   | 7361 ||| RETREEEEATING.
  7362 | Lair:1   | 7362 ||| RETREEEEATING.
  7363 | Lair:1   | 7363 ||| RETREEEEATING.
  7364 | Lair:1   | 7364 ||| RETREEEEATING.
  7375 | Lair:1   | Reached ***** piety under Okawaru
  7391 | Lair:1   | Reached skill level 12 in Ranged Weapons
  7473 | Lair:1   | Received a gift from Okawaru
  7505 | Lair:1   | 7505 ||| FLEEEEING.
  7593 | Lair:1   | 7593 ||| RETREEEEATING.
  7599 | Lair:1   | 7599 ||| RETREEEEATING.
  7601 | Lair:1   | 7601 ||| RETREEEEATING.
  7605 | Lair:1   | 7605 ||| RETREEEEATING.
  7606 | Lair:1   | 7606 ||| RETREEEEATING.
  7607 | Lair:1   | 7607 ||| RETREEEEATING.
  7608 | Lair:1   | 7608 ||| RETREEEEATING.
  7609 | Lair:1   | 7609 ||| RETREEEEATING.
  7610 | Lair:1   | 7610 ||| RETREEEEATING.
  7611 | Lair:1   | 7611 ||| RETREEEEATING.
  7612 | Lair:1   | 7612 ||| RETREEEEATING.
  7615 | Lair:1   | 7615 ||| INVOKING Finesse.
  7684 | Lair:1   | Identified the +4 scale mail of the Eleven Runes {rN+}
  7744 | Lair:1   | 7744 ||| INVOKING Finesse.
  7745 | Lair:1   | 7745 ||| INVOKING Heroism.
  7878 | Lair:1   | Reached skill level 13 in Ranged Weapons
  8150 | Lair:1   | 8150 ||| READING 3 scrolls of identify.
  8150 | Lair:1   | 8150 ||| IDENTIFYING scroll labelled FEETENIYTZ
  8151 | Lair:1   | 8151 ||| READING 2 scrolls of identify.
  8151 | Lair:1   | 8151 ||| IDENTIFYING scroll labelled FYERCH NEGIMI
  8152 | Lair:1   | 8152 ||| DROPPING scroll of revelation.
  8153 | Lair:1   | 8153 ||| DROPPING scroll of silence.
  8188 | Lair:2   | 8188 ||| INVOKING Finesse.
  8191 | Lair:2   | 8191 ||| STAIRDANCE
  8222 | Lair:2   | 8222 ||| STAIRDANCE
  8224 | Lair:1   | 8224 ||| RETREEEEATING.
  8225 | Lair:1   | 8225 ||| RETREEEEATING.
  8226 | Lair:1   | 8226 ||| RETREEEEATING.
  8227 | Lair:1   | 8227 ||| RETREEEEATING.
  8228 | Lair:1   | 8228 ||| RETREEEEATING.
  8229 | Lair:1   | 8229 ||| RETREEEEATING.
  8230 | Lair:1   | 8230 ||| INVOKING Finesse.
  8241 | Lair:1   | Reached skill level 9 in Fighting
  8249 | Lair:1   | 8249 ||| FLEEEEING.
  8278 | Lair:2   | 8278 ||| STAIRDANCE
  8281 | Lair:1   | Reached XP level 12. HP: 38/76 MP: 19/19
  8282 | Lair:1   | 8282 ||| RETREEEEATING.
  8283 | Lair:1   | 8283 ||| RETREEEEATING.
  8285 | Lair:1   | 8285 ||| RETREEEEATING.
  8292 | Lair:1   | 8292 ||| FLEEEEING.
  8326 | Lair:2   | 8326 ||| STAIRDANCE
  8328 | Lair:1   | 8328 ||| RETREEEEATING.
  8329 | Lair:1   | 8329 ||| RETREEEEATING.
  8330 | Lair:1   | 8330 ||| RETREEEEATING.
  8331 | Lair:1   | 8331 ||| RETREEEEATING.
  8343 | Lair:1   | Received a gift from Okawaru
  8347 | Lair:1   | 8347 ||| FLEEEEING.
  8357 | Lair:2   | Noticed an eight-headed hydra
  8358 | Lair:2   | 8358 ||| STAIRDANCE
  8366 | Lair:2   | 8366 ||| STAIRDANCE
  8368 | Lair:1   | 8368 ||| INVOKING Finesse.
  8373 | Lair:1   | Killed an eight-headed hydra
  8374 | Lair:1   | Reached skill level 14 in Ranged Weapons
  8420 | Lair:2   | Noticed a catoblepas
  8421 | Lair:2   | 8421 ||| INVOKING Finesse.
  8433 | Lair:2   | Killed a catoblepas
  8524 | Lair:2   | 8524 ||| RETREEEEATING.
  8525 | Lair:2   | 8525 ||| RETREEEEATING.
  8557 | Lair:2   | 8557 ||| FLEEEEING.
  8563 | Lair:2   | 8563 ||| STAIRDANCE
  8570 | Lair:1   | 8570 ||| READING 2 scrolls of identify.
  8570 | Lair:1   | 8570 ||| IDENTIFYING fizzy blue potion
  8598 | Lair:2   | Reached skill level 6 in Dodging
  8630 | Lair:2   | Received a gift from Okawaru
  8631 | Lair:2   | Found a staircase to the Snake Pit.
  9169 | Lair:2   | 9169 ||| RETREEEEATING.
  9302 | Lair:3   | Noticed a boulder beetle
  9303 | Lair:3   | 9303 ||| INVOKING Finesse.
  9330 | Lair:3   | Killed a boulder beetle
  9336 | Lair:3   | Reached skill level 15 in Ranged Weapons
  9449 | Lair:3   | 9449 ||| DROPPING amulet of magic regeneration.
  9457 | Lair:3   | Found a staircase to the Shoals.
  9612 | Lair:3   | Reached XP level 13. HP: 82/82 MP: 20/20
 10133 | Lair:4   | 10133 ||| RETREEEEATING.
 10139 | Lair:4   | 10139 ||| INVOKING Finesse.
 10148 | Lair:4   | Reached skill level 16 in Ranged Weapons
 10224 | Lair:4   | 10224 ||| INVOKING Finesse.
 10225 | Lair:4   | 10225 ||| INVOKING Heroism.
 10247 | Lair:4   | Received a gift from Okawaru
 10590 | Lair:4   | Noticed Josephine
 10598 | Lair:4   | 10598 ||| INVOKING Finesse.
 10614 | Lair:4   | Killed Josephine
 10668 | Lair:4   | 10668 ||| READING scroll of enchant armour.
 10668 | Lair:4   | 10668 ||| ENCHANTING +0 pair of gloves.
 10697 | Lair:4   | Received a gift from Okawaru
 10698 | Lair:4   | 10698 ||| FLEEEEING.
 10727 | Lair:4   | 10727 ||| FLEEEEING.
 10737 | Lair:4   | 10737 ||| STAIRDANCE
 10809 | Lair:4   | You fall into a shaft and drop 1 floor!
 10809 | Lair:5   | Entered Level 5 of the Lair of Beasts
 10812 | Lair:5   | 10812 ||| RETREEEEATING.
 10817 | Lair:5   | 10817 ||| INVOKING Finesse.
 10864 | Lair:5   | 10864 ||| INVOKING Finesse.
 10865 | Lair:5   | 10865 ||| INVOKING Heroism.
 10972 | Lair:5   | 10972 ||| INVOKING Finesse.
 11002 | Lair:5   | Reached skill level 17 in Ranged Weapons
 11052 | Lair:5   | 11052 ||| RETREEEEATING.
 11082 | Lair:5   | 11082 ||| READING scroll of brand weapon.
 11082 | Lair:5   | 11082 ||| BRANDING +1 longbow of flaming.
 11091 | Lair:5   | 11091 ||| RETREEEEATING.
 11092 | Lair:5   | 11092 ||| RETREEEEATING.
 11605 | Lair:5   | Found a viscous altar of Jiyva.
 11609 | Lair:5   | 11609 ||| FLEEEEING.
 11609 | Lair:5   | Found a staircase to the Slime Pits.
 11610 | Lair:5   | 11610 ||| FLEEEEING.
 11738 | Lair:5   | 11738 ||| FLEEEEING.
 11811 | Lair:5   | Gained mutation: Your large and strong wings let you fly.
                  | [Gargoyle growth]
 11811 | Lair:5   | Reached XP level 14. HP: 90/90 MP: 21/21
 12136 | Lair:5   | Reached skill level 18 in Ranged Weapons
 12136 | Lair:5   | 12136 ||| FLEEEEING.
 12137 | Lair:5   | 12137 ||| FLEEEEING.
 12138 | Lair:5   | 12138 ||| RETREEEEATING.
 12142 | Lair:5   | 12142 ||| RETREEEEATING.
 12156 | Lair:5   | HP: 14/90 [death yak (15)]
 12157 | Lair:5   | 12157 ||| READING 7 scrolls of teleportation.
 12157 | Lair:5   | HP: 4/90 [death yak (12)]
 12158 | Lair:5   | 12158 ||| DRINKING 2 potions of heal wounds.
 12224 | Lair:5   | 12224 ||| FLEEEEING.
 12249 | Lair:5   | 12249 ||| FLEEEEING.
 12389 | Lair:5   | 12389 ||| PLANNING D:1-11
 12485 | D:10     | Entered Level 10 of the Dungeon
 12599 | D:10     | 12599 ||| DRINKING 7 potions of curing.
 12599 | D:10     | 12599 ||| (to cure confusion)
 13012 | D:10     | 13012 ||| RETREEEEATING.
 13014 | D:10     | Reached skill level 12 in Fighting
 13017 | D:10     | Received a gift from Okawaru
 13427 | D:11     | 13427 ||| INVOKING Finesse.
 14188 | D:11     | 14188 ||| PLANNING D
 14188 | D:11     | 14188 ||| READING 5 scrolls of identify.
 14188 | D:11     | 14188 ||| IDENTIFYING scroll labelled SIRIAS ROLOSIU
 14189 | D:11     | 14189 ||| DROPPING scroll of immolation.
 14219 | D:12     | 14219 ||| STAIRDANCE
 14224 | D:12     | 14224 ||| STAIRDANCE
 14226 | D:11     | 14226 ||| FLEEEEING.
 14256 | D:12     | 14256 ||| STAIRDANCE
 14263 | D:12     | 14263 ||| STAIRDANCE
 14273 | D:12     | 14273 ||| STAIRDANCE
 14279 | D:12     | 14279 ||| STAIRDANCE
 14281 | D:11     | 14281 ||| FLEEEEING.
 14298 | D:12     | 14298 ||| STAIRDANCE
 14311 | D:12     | 14311 ||| STAIRDANCE
 14315 | D:12     | 14315 ||| STAIRDANCE
 14323 | D:12     | 14323 ||| STAIRDANCE
 14325 | D:11     | 14325 ||| FLEEEEING.
 14346 | D:12     | 14346 ||| STAIRDANCE
 14364 | D:12     | 14364 ||| STAIRDANCE
 14366 | D:11     | 14366 ||| FLEEEEING.
 14375 | D:11     | 14375 ||| STAIRDANCE
 14393 | D:12     | 14393 ||| STAIRDANCE
 14410 | D:12     | 14410 ||| STAIRDANCE
 14412 | D:11     | 14412 ||| FLEEEEING.
 14421 | D:11     | 14421 ||| STAIRDANCE
 14440 | D:12     | 14440 ||| STAIRDANCE
 14456 | D:12     | 14456 ||| STAIRDANCE
 14458 | D:11     | 14458 ||| FLEEEEING.
 14469 | D:12     | 14469 ||| STAIRDANCE
 14491 | D:12     | 14491 ||| STAIRDANCE
 14493 | D:11     | 14493 ||| FLEEEEING.
 14502 | D:11     | 14502 ||| STAIRDANCE
 14521 | D:12     | 14521 ||| STAIRDANCE
 14530 | D:12     | 14530 ||| STAIRDANCE
 14605 | D:12     | Received a gift from Okawaru
 14684 | D:12     | Found a staircase to the Orcish Mines.
 14731 | D:12     | 14731 ||| Stepping randomly (disturbance).
 14811 | D:12     | 14811 ||| FLEEEEING.
 15112 | D:12     | 15112 ||| READING scroll of enchant weapon.
 15112 | D:12     | 15112 ||| ENCHANTING +1 longbow of freezing.
 15172 | D:12     | 15172 ||| UPGRADING to +6 ring of dexterity.
 15193 | D:13     | 15193 ||| STAIRDANCE
 15197 | D:13     | 15197 ||| STAIRDANCE
 15204 | D:13     | 15204 ||| STAIRDANCE
 15212 | D:13     | 15212 ||| STAIRDANCE
 15217 | D:13     | 15217 ||| STAIRDANCE
 15228 | D:13     | 15228 ||| STAIRDANCE
 15254 | D:13     | 15254 ||| STAIRDANCE
 15260 | D:13     | 15260 ||| STAIRDANCE
 15269 | D:13     | 15269 ||| STAIRDANCE
 15280 | D:13     | 15280 ||| STAIRDANCE
 15286 | D:13     | 15286 ||| STAIRDANCE
 15347 | D:13     | Identified the +5 scale mail "Maniohe" {Harm}
 15429 | D:13     | 15429 ||| DROPPING +2 hat.
 15758 | D:13     | 15758 ||| RETREEEEATING.
 15759 | D:13     | 15759 ||| RETREEEEATING.
 15761 | D:13     | 15761 ||| RETREEEEATING.
 15762 | D:13     | 15762 ||| RETREEEEATING.
 15772 | D:13     | 15772 ||| INVOKING Finesse.
 15772 | D:13     | Noticed Urug
 15784 | D:13     | Received a gift from Okawaru
 15797 | D:13     | Killed Urug
 15798 | D:13     | Reached skill level 9 in Dodging
 15802 | D:13     | HP: 21/92 [centaur warrior/arrow (18)]
 15803 | D:13     | 15803 ||| READING 7 scrolls of teleportation.
 15804 | D:13     | 15804 ||| DRINKING potion of heal wounds.
 15820 | D:13     | 15820 ||| Stepping randomly (disturbance).
 15821 | D:13     | 15821 ||| Stepping randomly (disturbance).
 15844 | D:13     | Reached skill level 19 in Ranged Weapons
 15844 | D:13     | Reached XP level 15. HP: 95/96 MP: 22/22
 15854 | D:13     | 15854 ||| READING scroll of enchant armour.
 15854 | D:13     | 15854 ||| ENCHANTING +1 pair of gloves.
 15998 | D:13     | Identified the +4 ring mail of Verdant Birdsong {-Tele
                  | Int+4}
 16033 | D:13     | 16033 ||| UPGRADING to amulet of faith.
 16043 | D:13     | 16043 ||| DROPPING ring of protection from fire.
 16119 | D:14     | Identified the +5 dagger of Urgency {flame, Dex+2}
 16171 | D:14     | 16171 ||| FLEEEEING.
 16321 | D:14     | 16321 ||| DROPPING ring of ice.
 16502 | D:14     | Reached ****** piety under Okawaru
 16503 | D:14     | 16503 ||| INVOKING Receive Weapon.
 16503 | D:14     | 16503 ||| ACQUIRING +1 hand cannon of electrocution
 16503 | D:14     | Acquired a +1 hand cannon of electrocution
 16503 | D:14     | Received a gift from Okawaru
 16504 | D:14     | 16504 ||| INVOKING Receive Armour.
 16504 | D:14     | 16504 ||| ACQUIRING +1 cloak of Bafuwn {rN+++ rCorr Str-4
                  | Stlth+}
 16504 | D:14     | Acquired the +1 cloak of Bafuwn {rN+++ rCorr Str-4 Stlth+}
 16504 | D:14     | Received a gift from Okawaru
 16506 | D:14     | 16506 ||| SWAPPING to +1 hand cannon of electrocution.
 16507 | D:14     | 16507 ||| DROPPING +2 longbow of freezing.
 16561 | D:14     | 16561 ||| UPGRADING to +1 cloak of Bafuwn {rN+++ rCorr
                  | Str-4 Stlth+}.
 16571 | D:14     | 16571 ||| DROPPING amulet of guardian spirit.
 16672 | D:14     | 16672 ||| RETREEEEATING.
 16673 | D:14     | 16673 ||| RETREEEEATING.
 16674 | D:14     | 16674 ||| RETREEEEATING.
 16675 | D:14     | 16675 ||| RETREEEEATING.
 16676 | D:14     | 16676 ||| RETREEEEATING.
 16680 | D:14     | Received a gift from Okawaru
 16696 | D:14     | 16696 ||| FLEEEEING.
 16699 | D:14     | 16699 ||| FLEEEEING.
 16701 | D:14     | 16701 ||| FLEEEEING.
 16705 | D:14     | 16705 ||| FLEEEEING.
 16707 | D:14     | 16707 ||| FLEEEEING.
 16875 | D:14     | Found a gate to the Vaults.
 16880 | D:14     | 16880 ||| UPGRADING to +1 helmet of see invisible.
 16890 | D:14     | 16890 ||| DROPPING +2 hat.
 16925 | D:15     | Entered Level 15 of the Dungeon
 17085 | D:15     | 17085 ||| INVOKING Finesse.
 17090 | D:15     | Reached skill level 6 in Armour
 17160 | D:15     | Received a gift from Okawaru
 17228 | D:15     | 17228 ||| FLEEEEING.
 17266 | D:15     | Found a basalt altar of Yredelemnul.
 17497 | D:15     | 17497 ||| RETREEEEATING.
 17553 | D:15     | Found a staircase to the Depths.
 17656 | D:15     | Received a gift from Okawaru
 17943 | D:15     | Found a blossoming altar of Fedhas.
 17944 | D:15     | 17944 ||| PLANNING ORC
 17944 | D:15     | 17944 ||| DROPPING ring of magical power.
 18067 | Orc:1    | Entered Level 1 of the Orcish Mines
 18319 | Orc:1    | Found Ucveth's Antique Weapon Shoppe.
 18395 | Orc:1    | Found Gekukkod's Weapon Shoppe.
 18479 | Orc:2    | Entered Level 2 of the Orcish Mines
 18480 | Orc:2    | 18480 ||| RETREEEEATING.
 18484 | Orc:2    | 18484 ||| INVOKING Finesse.
 18497 | Orc:2    | 18497 ||| DRINKING 6 potions of curing.
 18497 | Orc:2    | 18497 ||| (to cure confusion)
 18505 | Orc:2    | Noticed an orc warlord
 18506 | Orc:2    | 18506 ||| INVOKING Heroism.
 18512 | Orc:2    | HP: 22/98 [orc warrior/+0 war axe[an orc knight] (9)]
 18513 | Orc:2    | 18513 ||| READING 7 scrolls of teleportation.
 18513 | Orc:2    | Killed from afar by an orc priest

Levels and vault maps discovered:
D:1:      lemuel_arrival_rhombus, layout_basic, nicolae_figureground_sparkle
D:2:      layout_basic, hellmonk_ecumenical_altar_prayer_group,
          nicolae_concentric_dashed_squares_mild, reono_crystal_passage,
          minmay_misc_feat_room
D:3:      layout_basic, mainiacjoe_overflow_chevrons, serial_shops,
          nicolae_shop_crystal, portal_sewer_entry_c
D:4:      layout_loops_cross, serial_shops, shop,
          mainiacjoe_ossuary_entry_dusty_tomb
D:5:      layout_cave_pools, temple_statues,
          hangedman_abyss_or_decor_lesser_grid
D:6:      layout_loops_ring
D:7:      layout_basic, nicolae_shop_i_like_small_books_too,
          nicolae_shop_firing_range, uniq_joseph
D:8:      layout_loops_corners, serial_shops, nicolae_shop_back_alley_shop,
          shop, nicolae_inconvenience_store, nrook_loot_triangle, uniq_maurice
D:9:      layout_roguey [special_room_orc], david_lair_generic
D:10:     layout_stronghold, grunt_livestock
D:11:     layout_gridville, kennysheep_generic_room_14
D:12:     layout_roguey, orc_0_dummy
D:13:     kennysheep_tiny_hell, layout_cave_pools, uniq_urug
D:14:     layout_irregular_city, david_vaults_4, nicolae_eternal_life
D:15:     gammafunk_depths_entry_grave, layout_loops_corners,
          lemuel_coloured_pillars_altar, lemuel_zombie_altar_yredelemnul
Lair:1:   layout_chaotic_city, serial_bayou_ford_a,
          chequers_serial_rivers_micro_b, gammafunk_lair_bear_cave,
          infiniplex_staircase_pool_2
Lair:2:   layout_regular_city, guppyfry_snake_entry_garden, grunt_megastairs_3
Lair:3:   layout_chaotic_city, minmay_shoals_entry_centaurs,
          serial_bayou_shore_a, lemuel_fruit_fields
Lair:4:   layout_gridlike, eino_small_chamber_without_monster, uniq_josephine
Lair:5:   minmay_lair_end_enchanted_forest, layout_gridlike,
          minmay_slime_entry_oklob_enclosed
Orc:1:    layout_diamond_mine, serial_shops, shop, nicolae_shop_tiny_glass
Orc:2:    grunt_orc_gardens, layout_diamond_mine, grunt_orc_garden,
          grunt_orc_garden, grunt_orc_garden, grunt_orc_garden, basic_altar

Skill      XL: |  1  2  3  4  5  6  7  8  9 10 11 12 13 14 15 |
---------------+----------------------------------------------+-----
Ranged Weapons | 5 6 7 8 9 10 11 13 15 17 19 | 19.9
Fighting       | 3 4 5 7 8 9 10 11 12 13 | 13.0
Dodging        | 2 3 4 5 6 7 9 10 | 10.0
Armour         | 1 2 4 5 6 |  6.0
Invocations    | 1 4 5 8 10 | 10.0
Stealth        | |  1.1

Action                     |  1- 3 |  4- 6 |  7- 9 | 10-12 | 13-15 || total
---------------------------+-------+-------+-------+-------+-------++-------
   Fire: Shortbow          |   123 |     2 |       |       |       ||   125
         Sling             |       |   119 |   198 |       |       ||   317
         Longbow           |       |       |    85 |   583 |  1008 ||  1676
         Hand cannon       |       |       |       |       |   203 ||   203
 Invoke: Heroism           |       |       |     2 |     2 |     3 ||     7
         Finesse           |       |       |     1 |    10 |    10 ||    21
         Receive Weapon    |       |       |       |       |     1 ||     1
         Receive Armour    |       |       |       |       |     1 ||     1
    Use: Scroll            |     1 |    11 |     9 |     7 |     8 ||    36
         Potion            |     1 |       |       |       |     4 ||     5
 Armour: Leather armour    |    56 |     4 |       |       |       ||    60
         Ring mail         |       |     8 |    86 |    94 |       ||   188
         Troll leather arm |       |       |       |   196 |   487 ||   683
  Dodge: Dodged            |    60 |    14 |    63 |   280 |   636 ||  1053

Table legend:
 A = Non-vault XP
 B = Vault XP
 C = Vault XP percentage of total XP
 D = Non-vault monster count
 E = Vault monster count
 F = Vault count percentage of total count
                 A         B        C        D         E       F
            +---------+---------+-------+---------+---------+-------
      Total |   90278 |   29991 |  24.9 |     476 |     163 |  25.5
            +---------+---------+-------+---------+---------+-------
        D:1 |      34 |       0 |   0.0 |      20 |       0 |   0.0
        D:2 |      48 |       3 |   5.9 |      21 |       2 |   8.7
        D:3 |      99 |      58 |  36.9 |      22 |       7 |  24.1
        D:4 |     527 |       0 |   0.0 |      24 |       0 |   0.0
        D:5 |     488 |       0 |   0.0 |      15 |       0 |   0.0
        D:6 |     742 |       0 |   0.0 |      22 |       0 |   0.0
        D:7 |    1404 |     508 |  26.6 |      23 |       4 |  14.8
        D:8 |    1127 |       0 |   0.0 |      18 |       0 |   0.0
        D:9 |    2550 |    1727 |  40.4 |      26 |      29 |  52.7
       D:10 |    1595 |     975 |  37.9 |      19 |       5 |  20.8
       D:11 |    6414 |     411 |   6.0 |      23 |       2 |   8.0
       D:12 |    8051 |    1004 |  11.1 |      35 |      15 |  30.0
       D:13 |    6604 |    2421 |  26.8 |      20 |      12 |  37.5
       D:14 |    9724 |    1446 |  12.9 |      19 |       3 |  13.6
       D:15 |   10352 |    5959 |  36.5 |      21 |       9 |  30.0
     Lair:1 |   10199 |    1651 |  13.9 |      36 |       9 |  20.0
     Lair:2 |    5351 |     892 |  14.3 |      17 |       4 |  19.0
     Lair:3 |    4480 |     450 |   9.1 |      23 |       4 |  14.8
     Lair:4 |    9619 |    1982 |  17.1 |      33 |       6 |  15.4
     Lair:5 |    8190 |    8926 |  52.2 |      21 |      47 |  69.1
      Orc:1 |    1462 |       0 |   0.0 |      12 |       0 |   0.0
      Orc:2 |    1218 |    1578 |  56.4 |       6 |       5 |  45.5
            +---------+---------+-------+---------+---------+-------
